 Dungeon Crawl Stone Soup version 0.26-a0-712-ga5a9c9c9d0 (webtiles) character file.

Game seed: 17671476812371476202

758 kae the Insei (level 7, -1/38 HPs)
             Began as a Tengu Transmuter on Nov 13, 2020.
             Slain by a centaur (3 damage)
             ... on level 5 of the Dungeon.
             The game lasted 00:03:27 (4928 turns).

kae the Insei (Tengu Transmuter)                    Turns: 4928, Time: 00:03:28

Health: -1/38      AC:  2    Str: 12    XL:     7   Next: 80%
Magic:  6/12       EV: 23    Int: 14    God:
Gold:   220        SH:  0    Dex: 19    Spells: 7/11 levels left

rFire    . . .     SeeInvis .     - Unarmed
rCold    . . .     Faith    .   (shield currently unavailable)
rNeg     . . .     Spirit   .   (armour currently unavailable)
rPois    .         Reflect  .   (helmet currently unavailable)
rElec    .         Harm     .   (cloak currently unavailable)
rCorr    .         Rampage  .   (gloves currently unavailable)
MR       +....                  (boots unavailable)
Stlth    ++........             (no amulet)
HPRegen  0.12/turn              h - ring of protection from magic
MPRegen  0.13/turn              o - ring of poison resistance

@: spider-form, flying quickly and evasively, very slightly contaminated,
drained, quick
A: tiny, able to fly
a: Stop Flying, End Transformation


You were on level 5 of the Dungeon.
You were a venomous arachnid creature.
You visited 1 branch of the dungeon, and saw 5 of its levels.

You collected 220 gold pieces.

Inventory:

Armour
 a - a +0 robe
 b - a +1 cloak (melded)
 i - a +2 robe of magic resistance (melded)
Jewellery
 h - a ring of protection from magic (left front leg)
 o - a ring of poison resistance (right front leg)
 s - an uncursed amulet of regeneration
Wands
 e - a wand of disintegration (15)
 k - a wand of flame (14)
 n - a wand of acid (8)
 q - a wand of paralysis (9)
Scrolls
 d - 2 scrolls of remove curse
 f - 3 scrolls of teleportation
 j - a scroll of identify
 r - a scroll of noise {unknown}
Potions
 c - 2 potions of lignification
 g - a potion of magic
 l - 2 potions of curing
 m - a potion of heal wounds
 p - a potion of stabbing {unknown}
 t - a potion of invisibility


   Skills:
 - Level 1.0(0.4) Fighting
 - Level 2.1(1.6) Dodging
 + Level 5.7(5.1) Unarmed Combat
 + Level 2.9(2.3) Spellcasting
 * Level 5.5(4.8) Transmutations
 - Level 2.0(1.4) Poison Magic


You had 7 spell levels left.
You knew the following spells:

 Your Spells              Type           Power        Failure   Level
a - Beastly Appendage     Tmut           ###...       11%         1
b - Spider Form           Tmut/Pois      ##........   38%         3

Your spell library contained the following spells:

 Spells                   Type           Power        Failure   Level
 Wereblood                Tmut           ###.....     14%         2
 Ice Form                 Ice/Tmut       #.......     82%         4
 Blade Hands              Tmut           ###.......   83%         5


Dungeon Overview and Level Annotations

Branches:
Dungeon (5/15)
 Temple: D:4-7

Altars:
Dithmenos
Gozag

Annotations:
D:3 3 runed translucent doors, PanSaczeczos's ghost, amateur DrTm


Innate Abilities, Weirdness & Mutations

((You have a beak for a mouth.))
((You have claws for feet.))
You can fly continuously.


Message History

Confirm with . or Enter, or press ? or * to list all spells.
The spell is quite dangerous to cast (19% risk of failure)!
Continue anyway? [Y]es or [N]o only, please.
The spell is quite dangerous to cast (19% risk of failure)!
Continue anyway?
You turn into a venomous arachnid creature.
Your +1 cloak melds into your body.
Your +2 robe of magic resistance melds into your body.
You feel less resistant to hostile enchantments.
The centaur barely misses you.
You hit the centaur but do no damage.
The centaur is poisoned.
The centaur hits you! The centaur hits you.
* * * LOW HITPOINT WARNING * * *
You hit the centaur.
The centaur looks as sick as possible!
The centaur is moderately wounded.
The centaur hits you!
* * * LOW HITPOINT WARNING * * *
You bite the centaur!
The centaur looks as sick as possible!
The centaur is severely wounded.
The centaur hits you.
You die...

### #.. #.# #.# .# ##.## #...#
#...### #...# #..sc.# #...#
#####...#.# #...# #..>....#.#
##########.
####...###.......#.####.....#....
................))...##.....#....
..............##.#.#........#....
..............##)#.####.....#....
##.#....##......)#.. #..........
#.#....##.......##.# ##.####W...


You could see a centaur (extremely poisoned).

Vanquished Creatures
  Edmund (D:5)
  An ice beast (D:5)
  A howler monkey (D:4)
  3 hounds
  3 orc wizards (D:5)
  A bullfrog skeleton (D:5)
  2 iguanas
  3 worker ants
  A worker ant zombie (D:5)
  6 adders
  2 oozes
  2 worms
  A dart slug (D:2)
  5 leopard geckos
  12 orcs
  4 ball pythons
  5 giant cockroaches
  5 goblins
  7 hobgoblins
  4 jackals
  7 kobolds
  A quokka (D:3)
  12 bats
  10 frilled lizards
  A leopard gecko skeleton (D:4)
  2 quokka skeletons
  6 rats
108 creatures vanquished.

Notes
Turn   | Place    | Note
-------+----------+-------------------------------------------
     0 | D:1      | kae the Tengu Transmuter began the quest for the Orb.
     0 | D:1      | Reached XP level 1. HP: 12/12 MP: 4/4
   149 | D:1      | Reached XP level 2. HP: 10/16 MP: 4/6
   383 | D:1      | You fall into a shaft and drop 1 floor!
   898 | D:2      | Found a shadowy altar of Dithmenos.
   905 | D:2      | Reached XP level 3. HP: 15/20 MP: 5/7
   910 | D:2      | Learned a level 3 spell: Spider Form
   926 | D:2      | You fall into a shaft and drop 2 floors!
   960 | D:4      | HP: 1/20 [poisoned by a worker ant]
   995 | D:4      | Reached XP level 4. HP: 13/25 MP: 4/8
  1199 | D:4      | Gained mutation: You can fly continuously. [Tengu growth]
  1199 | D:4      | Reached XP level 5. HP: 25/29 MP: 5/9
  1996 | D:2      | Reached XP level 6. HP: 21/34 MP: 10/10
  3068 | D:3      | Found a runed translucent gate.
  3069 | D:3      | Found a runed translucent gate.
  3070 | D:3      | Found a runed translucent gate.
  3071 | D:3      | Noticed PanSaczeczos's ghost (amateur DrTm)
  3591 | D:3      | Reached skill level 5 in Unarmed Combat
  3801 | D:4      | Found an opulent altar of Gozag.
  4051 | D:5      | Entered Level 5 of the Dungeon
  4099 | D:5      | Noticed Edmund
  4110 | D:5      | Killed Edmund
  4110 | D:5      | Reached skill level 1 in Poison Magic
  4110 | D:5      | Reached XP level 7. HP: 21/38 MP: 7/11
  4432 | D:5      | Reached skill level 5 in Transmutations
  4927 | D:5      | HP: 1/38 [centaur (7)]
  4928 | D:5      | Slain by a centaur

Illustrated notes

Levels and vault maps discovered:
D:1:      dpeg_arrival_long_road, layout_rooms
D:2:      layout_loops_ring, nicolae_dithmenos_through_a_glass_darkly
D:3:      layout_basic, gammafunk_ghost_necromancy
D:4:      layout_cave_pools, nicolae_gozag_seed_capital
D:5:      layout_loops_cross, uniq_grinder, uniq_edmund

Skill      XL: |  1  2  3  4  5  6  7 |
---------------+----------------------+-----
Transmutations | 2 3 4 5 |  5.5
Unarmed Combat | 4 5 |  5.7
Poison Magic   | 1 2 |  2.0
Fighting       | |  1.0
Dodging        | |  2.1
Spellcasting   | |  2.9

Action                   |  1- 3 |  4- 6 |  7- 9 || total
-------------------------+-------+-------+-------++-------
Melee: Unarmed           |    60 |   169 |    89 ||   318
       Kick              |     7 |    26 |    11 ||    44
       Peck              |     7 |    14 |    11 ||    32
       Headbutt          |     2 |    11 |     2 ||    15
       Punch             |     1 |       |     1 ||     2
 Cast: Beastly Appendage |    11 |    26 |     4 ||    41
       Spider Form       |     2 |     6 |     2 ||    10
 Abil: Fly               |       |     1 |       ||     1
  Use: Potion            |     5 |     2 |       ||     7
       Scroll            |     2 |     6 |     1 ||     9
 Stab: Sleeping          |     2 |     1 |       ||     3
Armor: Robe              |    13 |    18 |    15 ||    46
       Skin              |       |       |     1 ||     1
Dodge: Dodged            |    57 |   138 |    55 ||   250

Table legend: (Time is in decaauts)
 A = Elapsed time spent in this place.
 B = Non-inter-level travel time spent in this place.
 C = Inter-level travel time spent in this place.
 D = Time resting spent in this place.
 E = Time spent auto-exploring this place.
 F = Levels seen in this place.
 G = Mean time per level.
                   A        B        C        D        E       F      G
               +--------+--------+--------+--------+--------+-----+--------+
         Total |   4708 |   4600 |    108 |    296 |   3501 |   5 |  941.6 |
       Dungeon |   4708 |   4600 |    108 |    296 |   3501 |   5 |  941.6 |
               +--------+--------+--------+--------+--------+-----+--------+

Top non-repeatable levels by time:
     D:3: 1211 daAuts
     D:2: 1125 daAuts
     D:1: 857 daAuts
     D:5: 833 daAuts
     D:4: 680 daAuts
